 Dungeon Crawl Stone Soup version 0.31-a0-222-gefeffbb62a (webtiles) character file.

Game seed: 10180634569604901055

26 qw the Shooter (level 3, -2/21 HPs)
             Began as a Gargoyle Hexslinger on July 5, 2023.
             Frozen to death by an endoplasm (4 damage)
             ... on level 1 of the Dungeon.
             The game lasted 00:00:16 (365 turns).

qw the Shooter (Gargoyle Hexslinger)                 Turns: 365, Time: 00:00:17

Health: -2/21      AC:  8    Str: 11    XL:     3   Next: 8%
Magic:  4/4        EV: 10    Int: 13    God:
Gold:   32         SH:  0    Dex: 14    Spells: 3/4 levels left

rFire   . . .        a - +1 sling
rCold   . . .        (no shield)
rNeg    + . .        c - +0 ring mail
rPois   inf          (no helmet)
rElec   +            (no cloak)
rCorr   .            (no gloves)
SInv    .            (no boots)
Will    .....        (no amulet)
Stlth   +            (no ring)
HPRegen 0.23/turn    (no ring)
MPRegen 0.09/turn

%: no passive effects
@: no status effects
A: sickness immunity, AC +3, negative energy resistance 1, electricity
resistance, torment resistance 1, petrification resistance
a: no special abilities


You were on level 1 of the Dungeon.
You visited 1 branch of the dungeon, and saw 1 of its levels.

You collected 32 gold pieces.


Innate Abilities, Weirdness & Mutations

You are immune to sickness and miasma.
Your stone body is resilient. (AC +3)
You are immune to poison.
You resist negative energy. (rN+)
You are resistant to electric shocks. (rElec)
You are resistant to unholy torment.
You are immune to petrification.


   Skills:
 - Level 2.0 Fighting
 + Level 3.1 Ranged Weapons
 - Level 1.5 Dodging
 - Level 1.0 Spellcasting
 - Level 2.6 Hexes


You had 3 spell levels left.
You knew the following spells:

 Your Spells              Type           Power      Damage    Failure   Level
a - Slow                  Hex            28%        N/A       22%         1

Your spell library contained the following spells:

 Spells                   Type           Power      Damage    Failure   Level
 Inner Flame              Hex/Fire       4%         N/A       75%         3
 Portal Projectile        Hex/Tloc       8%         N/A       75%         3
 Cause Fear               Hex            3%         N/A       92%         4

Inventory:

Hand Weapons
 a - a +1 sling (weapon)
Armour
 c - a +0 ring mail (worn)
Jewellery
 f - an amulet of magic regeneration
Scrolls
 b - a scroll of poison
 d - a scroll of identify {unknown}
 e - a scroll of revelation {unknown}

Dungeon Overview and Level Annotations

Branches:
Dungeon (1/15)

Altars:


Message History

The endoplasm freezes you.
You are frozen.
You shoot a sling bullet. The sling bullet hits the hobgoblin.
The hobgoblin is severely wounded.
The hobgoblin closely misses you. The endoplasm freezes you.
You are frozen.
You shoot a sling bullet.
The sling bullet hits the hobgoblin but does no damage.
The hobgoblin is heavily wounded.
The hobgoblin closely misses you.
The endoplasm hits you but does no damage.
The hobgoblin closely misses you. The endoplasm freezes you.
You are frozen.
You shoot a sling bullet.
The sling bullet barely misses the hobgoblin.
The hobgoblin misses you. The endoplasm freezes you.
You are frozen.
You shoot a sling bullet.
The sling bullet closely misses the hobgoblin.
The sling bullet closely misses the goblin.
The hobgoblin barely misses you. The endoplasm freezes you.
You are frozen.
The hobgoblin hits you but does no damage.
The goblin hits you but does no damage.
The endoplasm hits you but does no damage.
You shoot a sling bullet. The sling bullet hits the hobgoblin.
You kill the hobgoblin!
The goblin barely misses you. The endoplasm closely misses you.
You shoot a sling bullet.
The sling bullet closely misses the goblin.
The goblin closely misses you. The endoplasm freezes you.
You are frozen.
The endoplasm freezes you.
You are frozen.
You die...

#.....#..#.####.#
.....#####......#..#.#.
#.....# ##.##.##......
.........#......#....#
.......#####..###....##.
........##......#.......
....##..###.##.##.......
.#### ..# #.#..#.g......
.#### #.....@%......
...... ....>#####J......
...... ..##.# #%...>.
...... # #.. ...###
...... #.. ..# #..)...
.#r# #..# #......
#.#.### ...# #.##...
....... #.. ..# #. .....


You could see an endoplasm and a goblin.

Vanquished Creatures
  A dart slug (D:1)
  2 bats (D:1)
  2 endoplasms (D:1)
  A giant cockroach (D:1)
  7 hobgoblins (D:1)
  A quokka (D:1)
  3 ball pythons (D:1)
  3 kobolds (D:1)
  2 rats (D:1)
22 creatures vanquished.

Notes
Turn   | Place    | Note
-------+----------+-------------------------------------------
     0 | D:1      | qw the Gargoyle Hexslinger began the quest for the Orb.
     0 | D:1      | Reached XP level 1. HP: 12/12 MP: 2/2
     0 | D:1      | 0 ||| qw: Version: 0.3-a-46-gb1f654a
     0 | D:1      | 0 ||| qw: Game counter: 990
     0 | D:1      | 0 ||| qw: Melee chars always use a shield: true
     0 | D:1      | 0 ||| qw: God list: Okawaru
     0 | D:1      | 0 ||| qw: Allow faded altars: false
     0 | D:1      | 0 ||| qw: Do Orc after clearing Dungeon:15 true
     0 | D:1      | 0 ||| qw: Do second Lair branch before Depths: true
     0 | D:1      | 0 ||| qw: Lair rune preference: random
     0 | D:1      | 0 ||| qw: Goals: Normal
     0 | D:1      | 0 ||| PLANNING D:1-11
    26 | D:1      | HP: 2/12 [endoplasm (3)]
    50 | D:1      | 50 ||| FLEEEEING.
    52 | D:1      | 52 ||| FLEEEEING.
    53 | D:1      | 53 ||| FLEEEEING.
    54 | D:1      | 54 ||| FLEEEEING.
    66 | D:1      | Reached XP level 2. HP: 13/16 MP: 3/3
   138 | D:1      | Reached skill level 3 in Ranged Weapons
   206 | D:1      | 206 ||| UPGRADING to +0 leather armour.
   211 | D:1      | HP: 2/16 [kobold/+0 hand axe (6)]
   273 | D:1      | 273 ||| UPGRADING to +0 robe.
   278 | D:1      | 278 ||| UPGRADING to +0 leather armour.
   288 | D:1      | 288 ||| DROPPING +0 robe.
   293 | D:1      | 293 ||| UPGRADING to +0 ring mail.
   303 | D:1      | 303 ||| DROPPING +0 leather armour.
   356 | D:1      | Reached XP level 3. HP: 21/21 MP: 4/4
   363 | D:1      | HP: 3/21 [frozen (5)]
   365 | D:1      | Frozen to death by an endoplasm

Levels and vault maps discovered:
D:1:      dpeg_arrival_short_road, layout_rooms, serial_glass, glass_columns_c,
          glass_columns_c, minmay_misc_feat_alley

Skill      XL: |  1  2 |
---------------+-------+-----
Ranged Weapons | 3 |  3.1
Fighting       | 2 |  2.0
Dodging        | |  1.5
Spellcasting   | |  1.0
Hexes          | |  2.6

Action                     || total
---------------------------++-------
   Fire: Sling             ||    66
 Armour: Robe              ||     5
         Ring mail         ||     7
  Dodge: Dodged            ||    29

Table legend:
 A = Non-vault XP
 B = Vault XP
 C = Vault XP percentage of total XP
 D = Non-vault monster count
 E = Vault monster count
 F = Vault count percentage of total count
                 A         B        C        D         E       F
            +---------+---------+-------+---------+---------+-------
      Total |      38 |       0 |   0.0 |      22 |       0 |   0.0
            +---------+---------+-------+---------+---------+-------
        D:1 |      38 |       0 |   0.0 |      22 |       0 |   0.0
            +---------+---------+-------+---------+---------+-------
